[Event "Torneo Interdepartamental 2019"]
[Site "Montevideo"]
[Date "2019.08.24"]
[Round "3.6"]
[White "Suarez, Pedro"]
[Black "Lanzilotta, Marcelo"]
[Result "0-1"]
[ECO "A59"]
[WhiteElo "2040"]
[BlackElo "1970"]
[Annotator "NA RC"]
[PlyCount "60"]
[EventDate "2019.08.23"]
[EventType "team-tourn"]
[EventCountry "URU"]
[SourceTitle "playchess.com"]
[Source "ChessBase"]
[SourceQuality "1"]
[TimeControl "5400+30"]

1. d4 Nf6 2. c4 c5 3. d5 b5 4. cxb5 a6 5. bxa6 Bxa6 6. Nc3 g6 7. e4 Bxf1 8. Kxf1 d6 9. Nge2 Bg7 10. h3 O-O 11. Kg1 Nbd7 12. Kh2 Qb6 13. Qc2 Rfb8 14. Rb1 Qc7 15. Rd1 Rb4 16. a3 Rb7 17. Be3 Ne5 18. Na2 Rab8 19. Nec3 Rb3 20. Qe2 Qd7 21. f4 Neg4+ 22. hxg4 Qxg4 23. Rd2 Qh4+ 24. Kg1 Ng4 25. e5 dxe5 26. Bxc5 exf4 27. Rbd1 Qh2+ 28. Kf1 Qh1+ 29. Bg1 Ne3+ 30. Kf2 Qxg2+ 0-1

[Event "Torneo Interdepartamental 2019"]
[Site "Montevideo"]
[Date "2019.08.24"]
[Round "3.7"]
[White "Barboza, Mauro"]
[Black "Vaz Lacuesta, Leonardo"]
[Result "1/2-1/2"]
[ECO "C01"]
[WhiteElo "1925"]
[BlackElo "2098"]
[Annotator "NA RC"]
[PlyCount "80"]
[EventDate "2019.08.23"]
[EventType "team-tourn"]
[EventCountry "URU"]
[SourceTitle "playchess.com"]
[Source "ChessBase"]
[SourceQuality "1"]
[TimeControl "5400+30"]

1. e4 e6 2. d4 d5 3. exd5 exd5 4. Nf3 Nf6 5. Bd3 Be7 6. h3 O-O 7. O-O c5 8. c3 Nc6 9. Bf4 cxd4 10. Nxd4 Nxd4 11. cxd4 Qb6 12. Qd2 Be6 13. Nc3 Rac8 14. Rac1 Kh8 15. Bb1 Ne4 16. Nxe4 dxe4 17. Bxe4 Bxa2 18. Bf5 Be6 19. Bxe6 Qxe6 20. d5 Qf5 21. d6 Bf6 22. Rxc8 Rxc8 23. d7 Rd8 24. Re1 g5 25. Re8+ Kg7 26. Rxd8 Bxd8 27. Be3 f6 28. Bxa7 Kf7 29. b4 b6 30. Bb8 Qe6 31. Qd3 Kg7 32. f4 h6 33. f5 Qe1+ 34. Kh2 Qxb4 35. Bd6 Qe1 36. Qd5 h5 37. Qe6 Qd2 38. Bb8 Qc1 39. Bd6 Qd2 40. Bb8 Qc1 1/2-1/2

[Event "Torneo Interdepartamental 2019"]
[Site "Montevideo"]
[Date "2019.08.24"]
[Round "3.9"]
[White "Pelaez, Diego"]
[Black "Ibanez, Marcelo"]
[Result "0-1"]
[ECO "E15"]
[WhiteElo "1619"]
[BlackElo "2029"]
[Annotator "NA RC"]
[PlyCount "56"]
[EventDate "2019.08.23"]
[EventType "team-tourn"]
[EventCountry "URU"]
[SourceTitle "playchess.com"]
[Source "ChessBase"]
[SourceQuality "1"]
[TimeControl "5400+30"]

1. d4 Nf6 2. c4 e6 3. Nf3 b6 4. g3 Bb4+ 5. Bd2 Be7 6. Bg2 O-O 7. O-O Ba6 8. Qc2 d5 9. b3 Nbd7 10. Bf4 Rc8 11. Re1 c5 12. Nbd2 cxd4 13. Ne5 Bb4 14. a3 Bc3 15. Rac1 Nxe5 16. Bxe5 Ng4 17. Bf4 g5 18. Bxg5 Qxg5 19. Nf3 Qh6 20. Red1 dxc4 21. b4 Nxf2 22. Kxf2 Qe3+ 23. Kf1 d3 24. Qa2 Bb2 25. Qxb2 c3 26. Rxc3 dxe2+ 27. Ke1 exd1=Q+ 28. Kxd1 Rxc3 0-1

[Event "Torneo Interdepartamental 2019"]
[Site "Montevideo"]
[Date "2019.08.24"]
[Round "3.11"]
[White "Arias Bouzada, Jorge"]
[Black "Castro, Cesar"]
[Result "1/2-1/2"]
[ECO "D51"]
[WhiteElo "2088"]
[BlackElo "2082"]
[Annotator "NA RC"]
[PlyCount "50"]
[EventDate "2019.08.23"]
[EventType "team-tourn"]
[EventCountry "URU"]
[SourceTitle "playchess.com"]
[Source "ChessBase"]
[SourceQuality "1"]
[TimeControl "5400+30"]

1. c4 Nf6 2. Nc3 e6 3. d4 d5 4. Bg5 Nbd7 5. Nf3 c6 6. cxd5 exd5 7. e3 Be7 8. Bd3 O-O 9. O-O Re8 10. a3 a5 11. Qc2 g6 12. Rab1 Nh5 13. Bxe7 Qxe7 14. b4 axb4 15. axb4 Nb6 16. Qb3 Be6 17. Nd2 Nf6 18. Qb2 Nc4 19. Nxc4 dxc4 20. Be2 Bf5 21. Ra1 b5 22. Ra3 Rxa3 23. Qxa3 Ne4 24. Nxe4 Bxe4 25. f3 Bd3 1/2-1/2

[Event "Torneo Interdepartamental 2019"]
[Site "Montevideo"]
[Date "2019.08.25"]
[Round "4.1"]
[White "Moreira, Marcelo"]
[Black "Curi, Gabriel"]
[Result "0-1"]
[ECO "D31"]
[WhiteElo "2061"]
[BlackElo "2195"]
[Annotator "NA"]
[PlyCount "50"]
[EventDate "2019.08.23"]
[EventType "team-tourn"]
[EventCountry "URU"]
[SourceTitle "playchess.com"]
[Source "ChessBase"]
[SourceQuality "1"]
[TimeControl "5400+30"]

1. d4 e6 2. Nf3 d5 3. c4 c6 4. Nc3 dxc4 5. g3 b5 6. Bg2 Bb7 7. O-O Nd7 8. e4 Ngf6 9. Qe2 Be7 10. Rd1 O-O 11. Ne5 Nxe5 12. dxe5 Nd7 13. Bf4 Qc7 14. Rxd7 Qxd7 15. Qg4 Rfd8 16. Bh6 Bf8 17. Ne2 Qc7 18. f4 Kh8 19. Bg5 Be7 20. Bf6 gxf6 21. exf6 Bxf6 22. e5 Bxe5 23. fxe5 Qxe5 24. Rf1 Rd2 25. Rxf7 Qe3+ 0-1

[Event "Torneo Interdepartamental 2019"]
[Site "Montevideo"]
[Date "2019.08.25"]
[Round "4.2"]
[White "Coppola, Claudio"]
[Black "Ibanez, Juan Rodrigo"]
[Result "1-0"]
[ECO "D79"]
[WhiteElo "2252"]
[BlackElo "2124"]
[Annotator "NA"]
[PlyCount "107"]
[EventDate "2019.08.23"]
[EventType "team-tourn"]
[EventCountry "URU"]
[SourceTitle "playchess.com"]
[Source "ChessBase"]
[SourceQuality "1"]
[TimeControl "5400+30"]

1. d4 Nf6 2. c4 g6 3. g3 Bg7 4. Bg2 O-O 5. Nf3 c6 6. O-O d5 7. cxd5 cxd5 8. Ne5 Be6 9. Nc3 Nbd7 10. Bf4 Qa5 11. Qb3 Nb6 12. Nd3 Ne4 13. Qb5 Nc4 14. Qxa5 Nxa5 15. Nb5 Nc6 16. Be3 Rac8 17. Nf4 a6 18. Nc3 Nxc3 19. bxc3 Rfd8 20. Rab1 Na5 21. Rb6 Nc4 22. Nxe6 Nxb6 23. Nxd8 Rxd8 24. Rb1 Rd6 25. a4 a5 26. Rb5 e6 27. Rxa5 Bf8 28. Ra7 Rc6 29. a5 Nc4 30. Bf4 f6 31. e4 dxe4 32. Bxe4 Ra6 33. Rxa6 bxa6 34. Bc7 Bd6 35. Bd8 Kf7 36. Bd3 Ke8 37. Bxf6 Nxa5 38. Bxa6 Ba3 39. Bg5 Kd7 40. Kf1 Kd6 41. Ke2 e5 42. dxe5+ Kxe5 43. Kd3 Kd5 44. c4+ Kd6 45. Bf4+ Ke6 46. Bc8+ Ke7 47. Kd4 Nc6+ 48. Kd5 Nb4+ 49. Ke4 Nc6 50. Bb7 Na5 51. Bd5 Nb3 52. Bg8 h5 53. Kd5 Bc5 54. Be3 1-0

[Event "Torneo Interdepartamental 2019"]
[Site "Montevideo"]
[Date "2019.08.25"]
[Round "4.3"]
[White "Michailov, Matias"]
[Black "El Ters, Antouan"]
[Result "1-0"]
[ECO "B60"]
[WhiteElo "2257"]
[BlackElo "2181"]
[Annotator "NA"]
[PlyCount "84"]
[EventDate "2019.08.23"]
[EventType "team-tourn"]
[EventCountry "URU"]
[SourceTitle "playchess.com"]
[Source "ChessBase"]
[SourceQuality "1"]
[TimeControl "5400+30"]

1. e4 c5 2. Nf3 Nc6 3. d4 cxd4 4. Nxd4 Nf6 5. Nc3 d6 6. Bg5 e5 7. Nf5 Bxf5 8. exf5 Be7 9. Bc4 Nd4 10. Bxf6 Bxf6 11. Qd3 O-O 12. O-O Rc8 13. Bb3 Re8 14. Rad1 Qa5 15. Nd5 Qd8 16. c3 Nxb3 17. axb3 e4 18. Qg3 Re5 19. Ne3 Bh4 20. Qh3 Be7 21. Ng4 Rec5 22. b4 Rc4 23. Rd5 f6 24. Ne3 R4c6 25. Rfd1 Bf8 26. R5d4 Qe7 27. Nd5 Qe5 28. Ne3 a6 29. Qg4 Re8 30. h4 Kh8 31. h5 b5 32. h6 gxh6 33. Qh5 Rcc8 34. Ng4 Qe7 35. Rxd6 Red8 36. Rxd8 Rxd8 37. Re1 Bg7 38. Qh2 h5 39. Qxh5 Rd2 40. Qh2 Kg8 41. Qf4 Qd6 42. Qxe4 Bf8 1-0

[Event "Torneo Interdepartamental 2019"]
[Site "Montevideo"]
[Date "2019.08.25"]
[Round "4.4"]
[White "Carvalho, Guillermo"]
[Black "Braso, Jorge"]
[Result "1/2-1/2"]
[ECO "D02"]
[WhiteElo "2180"]
[BlackElo "2108"]
[Annotator "NA"]
[PlyCount "88"]
[EventDate "2019.08.23"]
[EventType "team-tourn"]
[EventCountry "URU"]
[SourceTitle "playchess.com"]
[Source "ChessBase"]
[SourceQuality "1"]
[TimeControl "5400+30"]

1. d4 d5 2. Nf3 Nf6 3. g3 e6 4. Bg2 c5 5. O-O Nc6 6. b3 cxd4 7. Nxd4 e5 8. Nxc6 bxc6 9. Bb2 Qc7 10. c4 d4 11. Na3 Bb7 12. c5 Rd8 13. b4 Be7 14. Qa4 O-O 15. Nc4 Nd5 16. Rac1 Bc8 17. e3 dxe3 18. Bxe5 exf2+ 19. Rxf2 Qd7 20. Kh1 Bg5 21. Bf4 Bxf4 22. gxf4 Qe6 23. Qb3 Qh6 24. Nd6 Be6 25. Qg3 Nxb4 26. Rg1 f5 27. Rb1 Nd5 28. Re1 Rb8 29. Qg5 Rf6 30. Qxh6 Rxh6 31. Nc4 Rb5 32. Ne5 Rxc5 33. Rd2 Bf7 34. Rb1 Re6 35. Bxd5 cxd5 36. Rb7 Be8 37. Rxa7 Kf8 38. Ra8 Ke7 39. Kg2 Rd6 40. Re2 Re6 41. Ra7+ Kf6 42. Ra8 Ke7 43. Ra7+ Kf6 44. Ra8 Rc7 1/2-1/2

[Event "Torneo Interdepartamental 2019"]
[Site "Montevideo"]
[Date "2019.08.25"]
[Round "4.5"]
[White "Belistri, Ubaldo"]
[Black "Daneri, Martin"]
[Result "0-1"]
[ECO "E10"]
[WhiteElo "1849"]
[BlackElo "2050"]
[Annotator "NA"]
[PlyCount "54"]
[EventDate "2019.08.23"]
[EventType "team-tourn"]
[EventCountry "URU"]
[SourceTitle "playchess.com"]
[Source "ChessBase"]
[SourceQuality "1"]
[TimeControl "5400+30"]

1. d4 Nf6 2. c4 e6 3. Nf3 c5 4. Nc3 cxd4 5. Nxd4 b6 6. e4 d6 7. Be2 Bb7 8. Bf3 Nbd7 9. O-O a6 10. Re1 Qc7 11. b3 Be7 12. Bb2 O-O 13. Qd2 h6 14. g3 Rfe8 15. Rad1 Rac8 16. Bg2 Qb8 17. f4 Qa8 18. f5 Nc5 19. fxe6 fxe6 20. Qe2 Bf8 21. h4 d5 22. cxd5 exd5 23. e5 Nfe4 24. Nxe4 dxe4 25. Qg4 Nd3 26. Nf5 Kh7 27. e6 Rc2 0-1

[Event "Torneo Interdepartamental 2019"]
[Site "Montevideo"]
[Date "2019.08.25"]
[Round "4.6"]
[White "Pinero, Ismael"]
[Black "Campora, Edgardo"]
[Result "1-0"]
[ECO "B06"]
[WhiteElo "1908"]
[BlackElo "1666"]
[Annotator "NA"]
[PlyCount "49"]
[EventDate "2019.08.23"]
[EventType "team-tourn"]
[EventCountry "URU"]
[SourceTitle "playchess.com"]
[Source "ChessBase"]
[SourceQuality "1"]
[TimeControl "5400+30"]

1. e4 g6 2. d4 Bg7 3. c4 d6 4. Nc3 e5 5. d5 f5 6. Nf3 Nf6 7. Bd3 O-O 8. h3 fxe4 9. Nxe4 Nxe4 10. Bxe4 Nd7 11. Bg5 Qe8 12. Nd2 Qf7 13. O-O Nf6 14. Bf3 Bf5 15. Qe2 h6 16. Bxf6 Bxf6 17. Be4 Bg5 18. Nf3 Bf6 19. b4 Qh7 20. Rfe1 g5 21. Nh2 Rf7 22. a4 Raf8 23. Ra3 Bd8 24. Rf3 Rg7 25. Rxf5 1-0

[Event "Torneo Interdepartamental 2019"]
[Site "Montevideo"]
[Date "2019.08.25"]
[Round "4.7"]
[White "Vaz Lacuesta, Leonardo"]
[Black "Carbone, Diego"]
[Result "1/2-1/2"]
[ECO "A45"]
[WhiteElo "2098"]
[BlackElo "2237"]
[Annotator "NA"]
[PlyCount "182"]
[EventDate "2019.08.23"]
[EventType "team-tourn"]
[EventCountry "URU"]
[SourceTitle "playchess.com"]
[Source "ChessBase"]
[SourceQuality "1"]
[TimeControl "5400+30"]

1. d4 Nf6 2. Bf4 g6 3. h3 Bg7 4. Nf3 O-O 5. e3 d6 6. Be2 c5 7. c3 Qb6 8. Qb3 Be6 9. Qxb6 axb6 10. a3 Bd7 11. O-O Bc6 12. Nbd2 Nbd7 13. c4 d5 14. Ne5 Rfd8 15. Nxc6 bxc6 16. dxc5 bxc5 17. Rac1 e5 18. Bh2 e4 19. cxd5 cxd5 20. Bb5 c4 21. Bc7 Rdc8 22. Bd6 Nc5 23. Bxc5 Rxc5 24. a4 Ne8 25. Rc2 Nd6 26. b3 Nxb5 27. axb5 c3 28. Nb1 Rxb5 29. Nxc3 Rc5 30. Ra2 Rb8 31. Na4 Ra5 32. Rb1 h5 33. Kf1 h4 34. Ke2 Be5 35. Kd1 d4 36. exd4 Bxd4 37. Ke2 Rf5 38. Kf1 Ra5 39. Rd1 Be5 40. Re2 f5 41. Nb2 Rxb3 42. Nc4 Ra1 43. Red2 Rxd1+ 44. Rxd1 Bf4 45. Rd7 Rb4 46. Na5 Rb1+ 47. Ke2 Rb2+ 48. Ke1 Rc2 49. Nb3 e3 50. fxe3 Bg3+ 51. Kf1 Rf2+ 52. Kg1 Re2 53. Nd2 Rxe3 54. Nf3 Ra3 55. Kf1 Ra1+ 56. Ke2 Kf8 57. Rb7 Ra2+ 58. Kf1 Rf2+ 59. Kg1 Rc2 60. Kf1 Rc4 61. Ke2 Re4+ 62. Kd3 Re7 63. Rb4 Rd7+ 64. Ke2 Re7+ 65. Kd3 f4 66. Nxh4 Re3+ 67. Kc2 g5 68. Nf3 Re2+ 69. Kb3 Rxg2 70. Nxg5 Rf2 71. Rb7 Re2 72. Kc4 Bh4 73. Nf3 Bf6 74. h4 Re3 75. Rb3 Rxb3 76. Kxb3 Ke7 77. Kc4 Ke6 78. Kd3 Kf5 79. h5 Bg7 80. Nh4+ Kg4 81. Ke4 Bf6 82. Nf3 Bg7 83. Nh4 Bh6 84. Nf3 Kxh5 85. Ne5 Bg5 86. Nf3 Kg4 87. Ne5+ Kg3 88. Nf3 Bf6 89. Ne1 Bc3 90. Nf3 Kg4 91. Nh2+ Kg3 1/2-1/2

[Event "Torneo Interdepartamental 2019"]
[Site "Montevideo"]
[Date "2019.08.25"]
[Round "4.8"]
[White "Vazquez, Facundo"]
[Black "Dominguez, Facundo"]
[Result "1-0"]
[ECO "E11"]
[WhiteElo "2111"]
[BlackElo "2138"]
[Annotator "NA"]
[PlyCount "101"]
[EventDate "2019.08.23"]
[EventType "team-tourn"]
[EventCountry "URU"]
[SourceTitle "playchess.com"]
[Source "ChessBase"]
[SourceQuality "1"]
[TimeControl "5400+30"]

1. d4 Nf6 2. c4 e6 3. Nf3 Bb4+ 4. Bd2 Be7 5. Nc3 d5 6. cxd5 exd5 7. Bg5 O-O 8. Qc2 c6 9. e3 Be6 10. Bd3 Nbd7 11. O-O h6 12. Bh4 Rc8 13. Rfe1 c5 14. Bf5 Qb6 15. Rab1 Rfe8 16. Na4 Bxf5 17. Qxf5 Qe6 18. Qxe6 fxe6 19. dxc5 Nxc5 20. Nxc5 Rxc5 21. Nd4 Kf7 22. Nb3 Rc2 23. Nd4 Rc4 24. Bg3 Rec8 25. f3 Nd7 26. Red1 Bc5 27. Bf2 Bxd4 28. exd4 Rc2 29. Be3 Re2 30. Rbc1 Rxc1 31. Bxc1 Nb6 32. a3 Na4 33. Bf4 Nxb2 34. Rb1 b6 35. Bb8 a6 36. Ba7 b5 37. Bc5 Rc2 38. h4 Nc4 39. a4 bxa4 40. Ra1 Nb2 41. Ba3 Nd3 42. Rb1 Nf4 43. Rb7+ Kf6 44. Be7+ Kg6 45. g4 Ne2+ 46. Kf1 Nxd4 47. h5+ Kh7 48. Bf6 Rc1+ 49. Kf2 Rc4 50. Rxg7+ Kh8 51. Rc7+ 1-0

[Event "Torneo Interdepartamental 2019"]
[Site "Montevideo"]
[Date "2019.08.25"]
[Round "4.9"]
[White "Caitano, Martin Joel"]
[Black "Suarez, Pedro"]
[Result "1/2-1/2"]
[ECO "E12"]
[WhiteElo "2119"]
[BlackElo "2040"]
[Annotator "NA"]
[PlyCount "76"]
[EventDate "2019.08.23"]
[EventType "team-tourn"]
[EventCountry "URU"]
[SourceTitle "playchess.com"]
[Source "ChessBase"]
[SourceQuality "1"]
[TimeControl "5400+30"]

1. d4 Nf6 2. c4 e6 3. Nf3 b6 4. Bg5 Bb7 5. e3 h6 6. Bh4 d6 7. Nc3 Be7 8. Be2 O-O 9. O-O Ne4 10. Bxe7 Qxe7 11. Nxe4 Bxe4 12. Nd2 Bb7 13. Bf3 Bxf3 14. Qxf3 Nd7 15. Qc6 Nf6 16. f4 Qd7 17. Qf3 Rfe8 18. g4 e5 19. g5 hxg5 20. fxg5 Qg4+ 21. Kh1 Qxf3+ 22. Nxf3 Ng4 23. Rfe1 exd4 24. exd4 Nf2+ 25. Kg1 Nd3 26. Rxe8+ Rxe8 27. b3 Re2 28. d5 Ne5 29. Nd4 Rd2 30. Nb5 Nf3+ 31. Kf1 Rxh2 32. Rd1 Rxa2 33. Nxc7 Kf8 34. Rd3 Ne5 35. Rh3 Ng6 36. Re3 Ne5 37. Rh3 Ke7 38. Rh8 Nf3 1/2-1/2

[Event "Torneo Interdepartamental 2019"]
[Site "Montevideo"]
[Date "2019.08.25"]
[Round "4.10"]
[White "Barboza, Mauro"]
[Black "Campopiano, Julio"]
[Result "1/2-1/2"]
[ECO "B07"]
[WhiteElo "1925"]
[BlackElo "1791"]
[Annotator "NA"]
[PlyCount "41"]
[EventDate "2019.08.23"]
[EventType "team-tourn"]
[EventCountry "URU"]
[SourceTitle "playchess.com"]
[Source "ChessBase"]
[SourceQuality "1"]
[TimeControl "5400+30"]

1. e4 d6 2. d4 Nf6 3. Nc3 g6 4. Bc4 Bg7 5. Bb3 O-O 6. Bg5 h6 7. Bh4 c6 8. Nf3 Qc7 9. O-O e5 10. dxe5 dxe5 11. Qe2 Nbd7 12. Qe3 b6 13. Rad1 Ba6 14. Rfe1 Kh7 15. Qd2 Rae8 16. Qd6 Qxd6 17. Rxd6 g5 18. Bg3 Bb7 19. Red1 Re7 20. h3 Kg8 21. a3 1/2-1/2

[Event "Torneo Interdepartamental 2019"]
[Site "Montevideo"]
[Date "2019.08.25"]
[Round "4.12"]
[White "Pelaez, Diego"]
[Black "De Cuadro, Dionisio"]
[Result "0-1"]
[ECO "E11"]
[WhiteElo "1619"]
[BlackElo "1654"]
[Annotator "NA"]
[PlyCount "114"]
[EventDate "2019.08.23"]
[EventType "team-tourn"]
[EventCountry "URU"]
[SourceTitle "playchess.com"]
[Source "ChessBase"]
[SourceQuality "1"]
[TimeControl "5400+30"]

1. d4 Nf6 2. c4 e6 3. Nf3 Bb4+ 4. Bd2 Bxd2+ 5. Nbxd2 O-O 6. e3 d6 7. Bd3 Nbd7 8. O-O c5 9. Re1 cxd4 10. exd4 b6 11. Ne4 Qe7 12. Ng3 Bb7 13. Nf5 Qd8 14. Nxd6 Bc6 15. Ne5 Qc7 16. Nxc6 Qxc6 17. Ne4 Rfd8 18. Rc1 Rac8 19. Bb1 Qc7 20. Re3 Nxe4 21. Bxe4 Nf6 22. Bb1 Qf4 23. g3 Qd6 24. Rd3 h6 25. b3 Kf8 26. f3 Nh7 27. Kg2 Nf6 28. Rd2 Qc6 29. Qe2 g5 30. Be4 Qd6 31. Rcd1 Re8 32. Qf2 Kg7 33. d5 exd5 34. Bxd5 Qe5 35. Kf1 Qf5 36. Qg2 Re3 37. g4 Qe5 38. Re2 Re8 39. Rxe3 Qxe3 40. Qf2 Qf4 41. h3 Re3 42. Re1 Nxd5 43. Rxe3 Nxe3+ 44. Kg1 Qe5 45. Kh1 a5 46. Qg1 Qd4 47. Qf2 Qf4 48. Qe2 Qd4 49. Qf2 Qd1+ 50. Kh2 Qc2 51. Kg3 Qxf2+ 52. Kxf2 Nd1+ 53. Ke1 Nc3 54. a3 Kf6 55. a4 Na2 56. Kd2 Ke5 57. Ke3 Nc1 0-1

[Event "Torneo Interdepartamental 2019"]
[Site "Montevideo"]
[Date "2019.08.25"]
[Round "5.1"]
[White "Carvalho, Guillermo"]
[Black "Michailov, Matias"]
[Result "1/2-1/2"]
[ECO "A49"]
[WhiteElo "2180"]
[BlackElo "2257"]
[Annotator "ChessBase"]
[PlyCount "52"]
[EventDate "2019.08.23"]
[EventType "team-tourn"]
[EventCountry "URU"]
[SourceTitle "playchess.com"]
[Source "ChessBase"]
[SourceQuality "1"]
[TimeControl "5400+30"]

1. d4 Nf6 2. Nf3 g6 3. g3 Bg7 4. Bg2 O-O 5. O-O d6 6. b3 a5 7. a4 e5 8. dxe5 Nfd7 9. Bb2 dxe5 10. Nfd2 Na6 11. Nc4 Nac5 12. Nc3 c6 13. Qd2 f5 14. Rad1 Qe7 15. Ba3 e4 16. e3 b6 17. f3 exf3 18. Bxf3 Bb7 19. Nd6 Ne5 20. Nxb7 Qxb7 21. Bg2 Qc7 22. Bxc5 bxc5 23. Nb5 Qb6 24. Nd6 c4 25. Nxc4 Nxc4 26. bxc4 Rad8 1/2-1/2

[Event "Torneo Interdepartamental 2019"]
[Site "Montevideo"]
[Date "2019.08.25"]
[Round "5.2"]
[White "Braso, Jorge"]
[Black "Coppola, Claudio"]
[Result "0-1"]
[ECO "B70"]
[WhiteElo "2108"]
[BlackElo "2252"]
[Annotator "ChessBase"]
[PlyCount "87"]
[EventDate "2019.08.23"]
[EventType "team-tourn"]
[EventCountry "URU"]
[SourceTitle "playchess.com"]
[Source "ChessBase"]
[SourceQuality "1"]
[TimeControl "5400+30"]

1. e4 c5 2. Nf3 d6 3. d4 cxd4 4. Nxd4 Nf6 5. Nc3 g6 6. g3 Bg7 7. Bg2 O-O 8. O-O Nc6 9. Nxc6 bxc6 10. e5 dxe5 11. Qxd8 Rxd8 12. Bxc6 Rb8 13. Rd1 Rd6 14. Rxd6 exd6 15. Nd5 Nxd5 16. Bxd5 Be6 17. Bxe6 fxe6 18. c4 e4 19. Rb1 d5 20. c5 Bf8 21. Bf4 Re8 22. Rc1 e5 23. Bd2 Kf7 24. b4 Ke6 25. b5 Rb8 26. a4 d4 27. c6 Kd5 28. Kf1 Bc5 29. Bg5 Rc8 30. Bf6 Ba3 31. Rb1 e3 32. Rb3 Bd6 33. f4 exf4 34. gxf4 Kc4 35. Rb1 d3 36. Rc1+ Kd5 37. Rc3 e2+ 38. Kf2 Bc5+ 39. Rxc5+ Kxc5 40. Bc3 a6 41. Ke3 Re8+ 42. Kf2 axb5 43. axb5 Kxb5 44. c7 0-1

[Event "Torneo Interdepartamental 2019"]
[Site "Montevideo"]
[Date "2019.08.25"]
[Round "5.3"]
[White "Vaz Lacuesta, Leonardo"]
[Black "Torales, Ignacio"]
[Result "1-0"]
[ECO "B33"]
[WhiteElo "2098"]
[BlackElo "1641"]
[Annotator "NA"]
[PlyCount "68"]
[EventDate "2019.08.23"]
[EventType "team-tourn"]
[EventCountry "URU"]
[SourceTitle "playchess.com"]
[Source "ChessBase"]
[SourceQuality "1"]
[TimeControl "5400+30"]

1. e4 c5 2. Nf3 Nc6 3. d4 cxd4 4. Nxd4 Nf6 5. Nc3 e5 6. Ndb5 d6 7. Bg5 a6 8. Na3 b5 9. Bxf6 gxf6 10. Nd5 f5 11. exf5 Bxf5 12. c3 Bg7 13. Qf3 Be6 14. Rd1 Rc8 15. Bd3 O-O 16. Bf5 Ne7 17. Nxe7+ Qxe7 18. Qd3 Bxf5 19. Qxf5 Rfd8 20. O-O Qe6 21. Qb1 f5 22. Nc2 d5 23. Rfe1 e4 24. f4 Qb6+ 25. Kh1 d4 26. cxd4 Bxd4 27. Re2 Rd6 28. b4 Kg7 29. Nxd4 Rxd4 30. Qb2 Rcc4 31. Red2 Rxb4 32. Qa1 e3 33. Rxd4 Qxd4 34. Rxd4 Kf8 1-0

[Event "Torneo Interdepartamental 2019"]
[Site "Montevideo"]
[Date "2019.08.25"]
[Round "5.4"]
[White "Campopiano, Julio"]
[Black "Daneri, Martin"]
[Result "0-1"]
[ECO "A89"]
[WhiteElo "1791"]
[BlackElo "2050"]
[Annotator "NA"]
[PlyCount "52"]
[EventDate "2019.08.23"]
[EventType "team-tourn"]
[EventCountry "URU"]
[SourceTitle "playchess.com"]
[Source "ChessBase"]
[SourceQuality "1"]
[TimeControl "5400+30"]

1. c4 f5 2. Nf3 Nf6 3. g3 g6 4. Bg2 Bg7 5. O-O O-O 6. d4 d6 7. Nc3 Nc6 8. Rb1 e5 9. d5 Ne7 10. Re1 h6 11. b4 g5 12. Qb3 Ng6 13. c5 f4 14. Bb2 Qe7 15. Rbc1 e4 16. cxd6 cxd6 17. Nd4 e3 18. f3 fxg3 19. hxg3 Qe5 20. Nc2 Qxg3 21. Nxe3 Nf4 22. Rf1 Bh3 23. Rf2 Bxg2 24. Rxg2 Nxg2 25. Nxg2 Ng4 26. Ne4 Qh2+ 0-1

[Event "Torneo Interdepartamental 2019"]
[Site "Montevideo"]
[Date "2019.08.25"]
[Round "5.5"]
[White "Lanzilotta, Marcelo"]
[Black "Sierra, Juan Andres"]
[Result "1-0"]
[ECO "B13"]
[WhiteElo "1970"]
[BlackElo "1831"]
[Annotator "NA"]
[PlyCount "65"]
[EventDate "2019.08.23"]
[EventType "team-tourn"]
[EventCountry "URU"]
[SourceTitle "playchess.com"]
[Source "ChessBase"]
[SourceQuality "1"]
[TimeControl "5400+30"]

1. e4 c6 2. d4 d5 3. exd5 cxd5 4. c4 dxc4 5. Bxc4 e6 6. Nf3 Nf6 7. O-O Be7 8. Nc3 O-O 9. Re1 a6 10. a3 b5 11. Ba2 Bb7 12. Qe2 Re8 13. Bxe6 Bxf3 14. Qxf3 Ra7 15. Ba2 Qxd4 16. Be3 Qd7 17. Rad1 Bd6 18. Bxa7 Rxe1+ 19. Rxe1 Qxa7 20. Nd5 Nxd5 21. Re8+ Bf8 22. Qxd5 Qc7 23. Qxf7+ Qxf7 24. Bxf7+ Kxf7 25. Rxb8 Be7 26. Rb6 Bf6 27. b3 a5 28. Rxb5 Bc3 29. Kf1 Ke6 30. Rc5 Bd2 31. Ke2 Kd6 32. Rh5 Bc3 33. Rxh7 1-0

[Event "Torneo Interdepartamental 2019"]
[Site "Montevideo"]
[Date "2019.08.25"]
[Round "5.6"]
[White "De Cuadro, Dionisio"]
[Black "Pinero, Ismael"]
[Result "0-1"]
[ECO "E62"]
[WhiteElo "1654"]
[BlackElo "1908"]
[Annotator "NA"]
[PlyCount "92"]
[EventDate "2019.08.23"]
[EventType "team-tourn"]
[EventCountry "URU"]
[SourceTitle "playchess.com"]
[Source "ChessBase"]
[SourceQuality "1"]
[TimeControl "5400+30"]

1. Nf3 Nf6 2. c4 g6 3. g3 Bg7 4. Bg2 O-O 5. Nc3 d6 6. d4 Nc6 7. O-O e5 8. dxe5 dxe5 9. Bg5 Qxd1 10. Raxd1 h6 11. Bxf6 Bxf6 12. Nd5 Bd8 13. b4 f6 14. b5 Na5 15. c5 c6 16. bxc6 bxc6 17. Nb4 Be7 18. Nh4 Kg7 19. Nxc6 Nxc6 20. Bxc6 Rb8 21. Rc1 Rb2 22. a4 Rxe2 23. Rfd1 f5 24. Ng2 f4 25. Re1 Rxe1+ 26. Nxe1 fxg3 27. hxg3 Rf6 28. Be4 Ra6 29. Nd3 Rxa4 30. Bc6 Ra5 31. Nxe5 Rxc5 32. Rxc5 Bxc5 33. Kg2 Bd4 34. Nd3 Kf6 35. f4 a5 36. Kf3 Bf5 37. Nc1 Bc2 38. g4 Bb2 39. Ne2 a4 40. Bd5 Bb1 41. Ke3 a3 42. g5+ hxg5 43. fxg5+ Kxg5 44. Kd2 a2 45. Bxa2 Bxa2 46. Kc2 Be5 0-1

[Event "Torneo Interdepartamental 2019"]
[Site "Montevideo"]
[Date "2019.08.25"]
[Round "5.7"]
[White "Carbone, Diego"]
[Black "Castro, Cesar"]
[Result "1-0"]
[ECO "D02"]
[WhiteElo "2237"]
[BlackElo "2082"]
[Annotator "ChessBase"]
[PlyCount "67"]
[EventDate "2019.08.23"]
[EventType "team-tourn"]
[EventCountry "URU"]
[SourceTitle "playchess.com"]
[Source "ChessBase"]
[SourceQuality "1"]
[TimeControl "5400+30"]

1. d4 d5 2. Nf3 Nf6 3. c4 e6 4. g3 Nbd7 5. Bg2 c6 6. O-O Bd6 7. Nfd2 O-O 8. Nc3 Bb4 9. e4 Bxc3 10. bxc3 Nxe4 11. Nxe4 dxe4 12. Bxe4 e5 13. Re1 f5 14. Bg2 e4 15. f3 Nf6 16. Rb1 h6 17. Bf4 exf3 18. Bxf3 Ne4 19. Qc2 b6 20. Be5 Be6 21. Qd3 Qd7 22. Rbd1 Rad8 23. Rf1 Qe7 24. Rde1 Qd7 25. Bg2 Qe7 26. g4 Nd6 27. Bxd6 Qxd6 28. gxf5 Bc8 29. Qe4 Bd7 30. Qe5 Qa3 31. f6 Qxc3 32. fxg7 Rfe8 33. Qf6 Qxc4 34. Rxe8+ 1-0